 Dungeon Crawl Stone Soup version 0.29-a0-275-g389c0b56f3 (webtiles) character file.

Game seed: 3754934453383928172

13921 horus123 the Carver (level 12, -6/92 HPs)
             Began as a Human Gladiator on Mar 11, 2022.
             Was an Elder of Makhleb.
             Mangled by a small abomination (8 damage)
             ... on level 2 of the Abyss.
             The game lasted 00:32:17 (11657 turns).

horus123 the Carver (Human Gladiator)              Turns: 11657, Time: 00:32:18

Health: -6/92      AC: 15    Str: 21    XL:     12   Next: 38%
Magic:  19/19      EV:  8    Int:  6    God:    Makhleb [****..]
Gold:   311        SH:  0    Dex: 20    Spells: 11/11 levels left

rFire   . . .      SeeInvis +   H - +4 great sword (freeze)
rCold   . . .      Faith    .   (shield currently unavailable)
rNeg    + . .      Spirit   .   q - +0 plate armour
rPois   .          Reflect  .   a - +0 helmet {SInv}
rElec   .          Harm     .   (no cloak)
rCorr   .          Rampage  .   r - +0 pair of gloves
Will    .....                   (no boots)
Stlth   ..........              h - amulet of regeneration
HPRegen 1.05/turn               k - ring of positive energy
MPRegen 0.16/turn               m - +6 ring of strength

@: no status effects
A: dopey 1
a: Renounce Religion, Minor Destruction, Lesser Servant of Makhleb, Major
Destruction


You were on level 2 of the Abyss.
You worshipped Makhleb.
Makhleb was greatly pleased with you.
You visited 2 branches of the dungeon, and saw 12 of its levels.
You visited the Abyss 1 time.
You also visited: Ossuary.

You collected 739 gold pieces.
You spent 428 gold pieces at shops.

Inventory:

Hand Weapons
 w - a +1 vorpal great sword
 H - a +4 great sword of freezing (weapon)
Missiles
 d - 5 throwing nets
 I - 6 javelins
Armour
 a - a +0 helmet of see invisible (worn)
 c - a +0 helmet
 q - a +0 plate armour (worn)
 r - a +0 pair of gloves (worn)
 L - the +3 hat of Pondering {ponderous, Will+ MP+10 Int+5}
   (You took it off Gastronok on level 10 of the Dungeon)

   Int:       It affects your intelligence (+5).
   MP:        It affects your magic capacity (+10).
   Will:      It increases your willpower.
Jewellery
 h - an amulet of regeneration (around neck)
 k - a ring of positive energy (left hand)
 m - a +6 ring of strength (right hand)
 y - a +4 ring of evasion
 C - a ring of magical power
 E - a ring of ice
Wands
 f - a wand of iceblast (2)
 l - a wand of mindburst (15)
 o - a wand of paralysis (12)
 s - a wand of digging (5)
Scrolls
 g - 5 scrolls of blinking
 i - a scroll of fear
 j - 8 scrolls of teleportation
 n - 2 scrolls of vulnerability
 A - a scroll of immolation {unknown}
 B - a scroll of summoning
 D - 2 scrolls of amnesia
 J - a scroll of brand weapon {unknown}
 K - a scroll of identify
 N - a scroll of magic mapping
Potions
 b - 5 potions of mutation
 e - 4 potions of degeneration
 p - a potion of magic {unknown}
 t - a potion of might
 u - 3 potions of haste
 v - 2 potions of ambrosia
 x - 2 potions of brilliance
 z - a potion of curing
 F - a potion of flight {unknown}
 G - 3 potions of lignification
 M - a potion of resistance {unknown}
 O - a potion of attraction {unknown}


   Skills:
 - Level 8.0 Fighting
 + Level 13.4 Long Blades
 - Level 2.0 Throwing
 - Level 7.2 Armour
 - Level 3.0 Dodging
 - Level 10.2 Invocations


You had 11 spell levels left.
You didn't know any spells.
Your spell library contained the following spells:

 Spells                   Type           Power      Damage    Failure   Level
 Static Discharge         Conj/Air       0%         N/A       100%        2
 Call Canine Familiar     Summ           0%         N/A       100%        3
 Ignite Poison            Fire/Tmut/Pois 0%         N/A       100%        3
 Mephitic Cloud           Conj/Pois/Air  0%         N/A       100%        3
 Portal Projectile        Hex/Tloc       0%         N/A       100%        3
 Animate Armour           Summ/Erth      0%         N/A       100%        4
 Animate Dead             Necr           0%         N/A       100%        4
 Dispel Undead            Necr           0%         3d6       100%        4
 Leda's Liquefaction      Hex/Erth       0%         N/A       100%        4
 Sticky Flame             Conj/Fire      0%         2d3       100%        4
 Blade Hands              Tmut           0%         N/A       100%        5
 Freezing Cloud           Conj/Ice/Air   0%         6-21      100%        5
 Iron Shot                Conj/Erth      0%         9d1       100%        6
 Haunt                    Necr/Summ      0%         N/A       100%        7
 Infestation              Necr           0%         N/A       100%        8


Dungeon Overview and Level Annotations

Branches:
Dungeon (11/15)            Temple (1/1) D:6            Lair (0/6) D:10
    Orc (0/2) D:9         Ossuary (visited)

Altars:
Cheibriados
Elyvilon
Fedhas
Gozag
Hepliaklqana
Kikubaaqudgha
Makhleb
Nemelex Xobeh
Trog
Uskayaw
Vehumet
Wu Jian
Yredelemnul
Zin
The Shining One

Shops:
D:8 !*(   D:10 *

Annotations:
D:7 2 transporters, pigah's ghost, novice OpAE
D:11 Erolcha


Innate Abilities, Weirdness & Mutations

You are dopey. (Int -2)


Message History

Aim: a nagaraja skeleton (heavily damaged)
The bolt of negative energy hits the large abomination.
The large abomination completely resists.
The large abomination is heavily damaged.
The bolt of negative energy hits the green death.
The green death completely resists.
The green death is moderately wounded.
The bolt of negative energy hits the nagaraja skeleton.
The nagaraja skeleton completely resists.
The nagaraja skeleton is heavily damaged.
The large abomination barely misses you.
Okay, then.
Blink to where?
Press: ? - help, Dir - move target, p - nagaraja skeleton
As you read the scroll of blinking, it crumbles to dust.
A neqoxec comes into view.
The neqoxec shouts!
The neqoxec gestures at you.
Strange energies course through your body.
You feel stupid. The neqoxec gestures at you.
Something tries to feed on your intellect!
A large abomination comes into view.
You feel better.
You feel yourself growing ill in the presence of the ancient zyme.
You completely miss the small abomination.
The small abomination hits you!
The small abomination barely misses you.
The large abomination hits you!
* * * LOW HITPOINT WARNING * * *
You slash the small abomination! You freeze the small abomination.
The small abomination is moderately damaged.
The small abomination hits you!
* * * LOW HITPOINT WARNING * * *
The large abomination barely misses you.
Unknown command.
You hit the small abomination but do no damage.
The small abomination is moderately damaged.
The small abomination hits you!
You die...

. . #.#.. .
.##.....##
§.#.###.....#..#
..#.....##.. # . .
#........... . #.
#..............#
#.3.##......#. .
#.X#..#..... . #..
# #@##........#. ..
#. ##x...#..#....
... .# ..#X.##... .
∩ #.. ....2...#.###
.#....#.##........#
...##..#X.....#####
.. # .#.... ... ..
. #. ...##.# ...
........##


You could see a green death, 3 large abominations, a neqoxec and a small
abomination.

Vanquished Creatures
  Gastronok (D:10)
  A centaur warrior (D:10)
  A two-headed ogre (D:11)
  Pikel (D:9)
  A cyclops (D:8)
  Maggie (D:6)
  2 kobold demonologists (D:10)
  A troll (D:9)
  A hornet (D:6)
  Sigmund (D:3)
  A wraith (D:10)
  6 yaks (D:9)
  4 steam dragons
  2 vampire mosquitoes (D:11)
  An acid dragon (D:8)
  3 black bears
  An ice beast (D:6)
  2 hornet zombies (Ossuary)
  9 orc warriors
  A centaur (D:7)
  4 ogres
  A phantom (D:6)
  A lemure (D:9)
  6 kobold brigands
  A small abomination (Abyss:2)
  2 bullfrogs
  A necrophage (D:10)
  A wyvern zombie (Ossuary)
  3 gnoll sergeants (D:9)
  4 scorpions
  3 water moccasin zombies (Ossuary)
  6 wights
  2 electric eels (D:10)
  2 howler monkeys (D:10)
  6 bullfrog zombies (Ossuary)
  10 centaur zombies
  A hound (D:5)
  A human zombie (D:10)
  2 gnoll shamans (D:7)
  6 orc priests
  17 mummies
  4 iguanas
  7 orc wizards
  2 killer bee zombies (Ossuary)
  3 howler monkey zombies (Ossuary)
  31 gnolls
  4 adders
  A shadow imp (D:8)
  3 ufetubi
  A dart slug (D:2)
  28 orcs
  5 ball pythons
  7 endoplasms
  2 giant cockroaches
  31 goblins
  32 hobgoblins
  6 jackals
  4 quokkas
  3 bats
  A frilled lizard (D:3)
  23 kobolds
  7 rats
326 creatures vanquished.

Vanquished Creatures (collateral kills)
  An orc (D:9)
  A kobold (D:10)
2 creatures vanquished.

Vanquished Creatures (others)
  4 fungi (D:10)
  A plant (D:10)
  4 withered plants (Ossuary)
9 creatures vanquished.

Grand Total: 337 creatures vanquished

Notes
Turn   | Place    | Note
-------+----------+-------------------------------------------
     0 | D:1      | horus123 the Human Gladiator began the quest for the Orb.
     0 | D:1      | Reached XP level 1. HP: 16/16 MP: 1/1
   280 | D:1      | Reached XP level 2. HP: 21/23 MP: 2/2
   933 | D:1      | Reached XP level 3. HP: 22/29 MP: 3/3
  2061 | D:3      | Noticed Sigmund
  2064 | D:3      | Killed Sigmund
  2065 | D:3      | Reached skill level 5 in Long Blades
  2065 | D:3      | Reached XP level 4. HP: 18/35 MP: 4/4
  2065 | D:3      | Reached XP level 5. HP: 21/41 MP: 5/5
  2065 | D:3      | Reached XP level 6. HP: 24/47 MP: 6/6
  2472 | D:4      | Reached skill level 6 in Long Blades
  2856 | D:4      | Reached XP level 7. HP: 30/54 MP: 7/7
  3659 | D:5      | Entered Level 5 of the Dungeon
  3740 | D:5      | Reached skill level 5 in Fighting
  3954 | D:5      | Reached skill level 1 in Armour
  4164 | D:5      | Found a basalt altar of Yredelemnul.
  4515 | D:5      | Reached XP level 8. HP: 52/62 MP: 8/8
  5183 | D:6      | Reached skill level 5 in Armour
  5213 | D:6      | Noticed Maggie
  5225 | D:6      | Killed Maggie
  5259 | D:6      | Found a staircase to the Ecumenical Temple.
  5276 | D:6      | Reached XP level 9. HP: 56/68 MP: 9/9
  5303 | Temple   | Entered the Ecumenical Temple
  5344 | Temple   | Became a worshipper of Makhleb the Destroyer
  5388 | D:6      | Found a glowing silver altar of Zin.
  5568 | D:6      | Noticed a hornet
  5579 | D:6      | Paralysed by a hornet for 1 turns
  5586 | D:6      | Paralysed by a hornet for 2 turns
  5588 | D:6      | Killed a hornet
  5769 | D:6      | Reached skill level 5 in Invocations
  6277 | D:6      | Found a glowing golden altar of the Shining One.
  6550 | D:7      | Found a transporter.
  6560 | D:7      | Found a transporter.
  6564 | D:7      | Noticed pigah's ghost (novice OpAE)
  6800 | D:7      | Found a sand-covered staircase.
  6834 | Ossuary  | Entered an ossuary
  7002 | Ossuary  | Reached * piety under Makhleb
  7031 | Ossuary  | Reached XP level 10. HP: 77/77 MP: 15/15
  7475 | D:7      | Found a snail-covered altar of Cheibriados.
  7545 | D:7      | Found a white marble altar of Elyvilon.
  7764 | D:7      | Reached ** piety under Makhleb
  8033 | D:8      | Noticed a cyclops
  8042 | D:8      | Killed a cyclops
  8043 | D:8      | Reached skill level 7 in Long Blades
  8077 | D:8      | Found a hide-covered altar of Uskayaw.
  8322 | D:8      | Found Xuziemm's Distillery.
  8473 | D:8      | Found Daekhycich's Weapon Emporium.
  8482 | D:8      | Bought a +1 vorpal great sword for 267 gold pieces
  8504 | D:8      | Found Muuqir Ukkyg's General Store.
  8507 | D:8      | Bought a +0 helmet of see invisible for 161 gold pieces
  9197 | D:9      | Reached skill level 10 in Invocations
  9197 | D:9      | Reached XP level 11. HP: 74/86 MP: 18/18
  9245 | D:9      | Noticed Pikel
  9261 | D:9      | Killed Pikel
  9262 | D:9      | Reached skill level 8 in Long Blades
  9264 | D:9      | Found an ornate altar of the Wu Jian Council.
  9782 | D:9      | Found a staircase to the Orcish Mines.
  9798 | D:9      | Reached skill level 9 in Long Blades
  9801 | D:9      | Reached *** piety under Makhleb
 10144 | D:10     | Entered Level 10 of the Dungeon
 10260 | D:10     | Reached skill level 10 in Long Blades
 10337 | D:10     | Noticed Gastronok
 10352 | D:10     | Killed Gastronok
 10486 | D:10     | Found Gozag's Platinum Reserve.
 10569 | D:10     | Found a sparkling altar of Nemelex Xobeh.
 10570 | D:10     | Found a blossoming altar of Fedhas.
 10714 | D:10     | Noticed a centaur warrior
 10720 | D:10     | Killed a centaur warrior
 10721 | D:10     | Reached skill level 11 in Long Blades
 10807 | D:10     | Found a radiant altar of Vehumet.
 10833 | D:10     | Found a bloodstained altar of Trog.
 11003 | D:10     | Reached skill level 12 in Long Blades
 11003 | D:10     | Reached XP level 12. HP: 78/92 MP: 19/19
 11021 | D:10     | Found an ancient bone altar of Kikubaaqudgha.
 11196 | D:10     | Found a staircase to the Lair.
 11200 | D:10     | Reached skill level 13 in Long Blades
 11229 | D:10     | Found an opulent altar of Gozag.
 11367 | D:10     | Reached **** piety under Makhleb
 11536 | D:11     | Noticed a two-headed ogre
 11548 | D:11     | Killed a two-headed ogre
 11619 | D:11     | Noticed Erolcha
 11619 | D:11     | Cast into level 2 of the Abyss (Erolcha)
 11633 | Abyss:2  | Noticed a green death
 11647 | Abyss:2  | Gained mutation: You are dopey. (Int -2) [a neqoxec]
 11656 | Abyss:2  | HP: 1/92 [small abomination (14)]
 11657 | Abyss:2  | Mangled by a small abomination

Illustrated notes

Levels and vault maps discovered:
D:1:      roderic_octagonal_star, layout_loops_corners, kennysheep_crisscross,
          chequers_serial_rivers_small_b
D:2:      layout_rooms, kennysheep_decorative_pillar, minmay_pentomino_r2
D:3:      layout_basic, hex_large, grunt_ministairs_1, uniq_sigmund
D:4:      layout_loops_corners
D:5:      minmay_goblin_kobold_castle, layout_basic, marbit_many_paths
D:6:      layout_gridville, old_standard_altar, zin_academy,
          minmay_temple_entry_grid, uniq_maggie
D:7:      layout_loops_corners, mainiacjoe_overflow_alcove_2,
          mainiacjoe_overflow_brackets, gammafunk_ghost_stat_death,
          enter_ossuary_1, kennysheep_generic_room_11
D:8:      layout_gridville, mainiacjoe_overflow_chevrons, serial_shops,
          kennysheep_mini_moat, nicolae_shop_advertising_works
          [nicolae_subvault_shop_adworks], nicolae_shop_bloodbath_and_beyond
D:9:      layout_loops_ring, nzn_wu_jian_council_hall,
          kennysheep_orc_monster_closet_entryway, uniq_pikel
D:10:     layout_stronghold, nicolae_gozag_zags_fifth_avenue,
          lemuel_mausoleum_altar_kikubaaqudgha, minitemple,
          gammafunk_temple_overflow_pools, grunt_lair_entry_orc_guard_hut,
          minmay_crystal_water, evilmike_butchery, uniq_gastronok
D:11:     layout_loops_cross, minmay_diamond_spiral, uniq_erolcha
Temple:   grunt_temple_mini_profane
Abyss:2:  base: D:6, minivault_13, evilmike_abyss_exit_mutagenic

Skill      XL: |  1  2  3  4  5  6  7  8  9 10 11 12 |
---------------+-------------------------------------+-----
Fighting       | 3 4 5 6 8 |  8.0
Long Blades    | 5 6 7 12 13 | 13.4
Armour         | 3 7 |  7.2
Invocations    | 7 10 | 10.2
Throwing       | |  2.0
Dodging        | |  3.0

Action                   |  1- 3 |  4- 6 |  7- 9 | 10-12 || total
-------------------------+-------+-------+-------+-------++-------
Melee: Long sword        |    90 |    39 |   545 |   208 ||   882
       Scythe            |       |    36 |       |       ||    36
       Punch             |       |     1 |    11 |     1 ||    13
       Great sword       |       |       |       |   267 ||   267
Throw: Javelin           |       |       |     1 |       ||     1
Invok: Minor Destruction |       |       |       |   110 ||   110
       Lesser Servant of |       |       |       |     3 ||     3
       Major Destruction |       |       |       |     6 ||     6
Evoke: Wand              |     3 |     2 |     8 |       ||    13
  Use: Scroll            |     4 |     1 |    10 |     9 ||    24
       Potion            |       |     4 |     4 |     7 ||    15
Armor: Leather armour    |    19 |       |       |       ||    19
       Ring mail         |    24 |     5 |       |       ||    29
       Chain mail        |       |    46 |   291 |       ||   337
       Plate armour      |       |       |   156 |   450 ||   606
Dodge: Dodged            |    56 |    43 |   274 |   269 ||   642

Table legend: (Time is in decaauts)
 A = Elapsed time spent in this place.
 B = Non-inter-level travel time spent in this place.
 C = Inter-level travel time spent in this place.
 D = Time resting spent in this place.
 E = Time spent auto-exploring this place.
 F = Levels seen in this place.
 G = Mean time per level.
                   A        B        C        D        E       F      G
               +--------+--------+--------+--------+--------+-----+--------+
         Total |  12036 |  11665 |    371 |    907 |   7576 |  14 |  859.7 |
       Dungeon |  11206 |  10850 |    356 |    907 |   7312 |  11 | 1018.7 |
        Temple |     56 |     41 |     15 |      0 |     36 |   1 |   56.0 |
         Abyss |     37 |     37 |      0 |      0 |     10 |   1 |   37.0 |
       Ossuary |    736 |    736 |      0 |      0 |    217 |   1 |  736.0 |
               +--------+--------+--------+--------+--------+-----+--------+

Top non-repeatable levels by time:
     D:5: 1432 daAuts
    D:10: 1416 daAuts
     D:9: 1317 daAuts
     D:1: 1314 daAuts
     D:4: 1303 daAuts
     D:6: 1136 daAuts
     D:7: 1053 daAuts
     D:8: 838 daAuts
     D:3: 812 daAuts
 Ossuary: 736 daAuts
     D:2: 409 daAuts
    D:11: 172 daAuts
  Temple: 56 daAuts
 Abyss:2: 37 daAuts
